 Dungeon Crawl Stone Soup version 0.27-a0-650-g8dd3ea4f36 (webtiles) character file.

Game seed: 7557570821135317136

121 MalarOregon the Caller (level 5, 0/33 HPs)
             Began as a Halfling Summoner on Mar 15, 2021.
             Slain by a worker ant (1 damage)
             ... on level 4 of the Dungeon.
             The game lasted 00:08:46 (3035 turns).

MalarOregon the Caller (Halfling Summoner)          Turns: 3035, Time: 00:08:47

Health: 0/33       AC:  3    Str:  9    XL:     5   Next: 26%
Magic:  0/8        EV: 15    Int: 14    God:
Gold:   88         SH:  0    Dex: 15    Spells: 5/8 levels left

rFire    . . .     SeeInvis .   c - +0 dagger
rCold    . . .     Faith    .   (shield restricted)
rNeg     . . .     Spirit   .   a - +0 robe
rPois    .         Reflect  .   (no helmet)
rElec    .         Harm     .   (no cloak)
rCorr    .         Rampage  .   d - +0 pair of gloves
Will     .....                  (no boots)
Stlth    ++........             (no amulet)
HPRegen  0.11/turn              (no ring)
MPRegen  0.11/turn              (no ring)

@: no status effects
A: small, no large weapons, mutation resistance 1
a: no special abilities


You were on level 4 of the Dungeon.
You visited 1 branch of the dungeon, and saw 3 of its levels.

You collected 88 gold pieces.

Inventory:

Hand Weapons
 c - a +0 dagger (weapon)
   (You took it off a goblin on level 1 of the Dungeon)
Armour
 a - a +0 robe (worn)
 d - a +0 pair of gloves (worn)
   (You found it on level 1 of the Dungeon)
Scrolls
 b - a scroll of immolation {unknown}
 e - 2 scrolls of identify {unknown}
 f - a scroll of teleportation {unknown}


   Skills:
 + Level 1.4 Fighting
 + Level 1.0 Short Blades
 + Level 3.2 Dodging
 + Level 3.2 Stealth
 + Level 2.1 Spellcasting
 + Level 3.6 Summonings


You had 5 spell levels left.
You knew the following spells:

 Your Spells              Type           Power      Damage    Failure   Level
a - Summon Small Mammal   Summ           44%        N/A       5%          1
x - Call Imp              Summ           11%        N/A       8%          2

Your spell library contained the following spells:

 Spells                   Type           Power      Damage    Failure   Level
 Call Canine Familiar     Summ           11%        N/A       16%         3
 Summon Guardian Golem    Hex/Summ       6%         N/A       32%         3
 Summon Ice Beast         Ice/Summ       6%         N/A       73%         4
 Summon Lightning Spire   Summ/Air       6%         N/A       73%         4


Dungeon Overview and Level Annotations

Branches:
Dungeon (4/15)
 Temple: D:4-7

Altars:

Annotations:
D:2 exclusion: 3 gnolls


Innate Abilities, Weirdness & Mutations

You are small and have problems with some larger weapons.
You are somewhat resistant to further mutation.


Message History

Your crimson imp closely misses the worker ant.
You barely miss the worker ant.
Your bat hits the worker ant but does no damage.
Your bat barely misses the worker ant.
The worker ant closely misses you.
Your bat hits the worker ant but does no damage.
Your crimson imp hits the worker ant but does no damage.
You hit the worker ant but do no damage.
Your bat hits the worker ant but does no damage. x2
The worker ant bites you.
* * * LOW HITPOINT WARNING * * *
Your bat barely misses the worker ant.
Your crimson imp hits the worker ant but does no damage.
You swap places.
Something misses your crimson imp. Something bites your crimson imp.
Your crimson imp is poisoned.
Something poisons your crimson imp!
Your bat closely misses the worker ant.
Your bat hits the worker ant. The worker ant bites you.
* * * LOW HITPOINT WARNING * * *
Your crimson imp hits the worker ant.
Your bat barely misses the worker ant.
Your bat hits the worker ant but does no damage.
You see here a hound corpse.
Your bat misses the worker ant.
Your bat completely misses the worker ant.
The worker ant closely misses you.
Your crimson imp hits the worker ant.
Your bat closely misses the worker ant.
The worker ant barely misses you.
Your bat closely misses the worker ant.
Your bat barely misses the worker ant.
Your rat bites the worker ant but does no damage.
The worker ant bites you.
* * * LOW HITPOINT WARNING * * *
Your crimson imp blinks!
Your crimson imp hits the worker ant.
Your rat bites the worker ant.
The worker ant misses you.
Your crimson imp closely misses the worker ant.
You hit the worker ant but do no damage.
Your rat bites the worker ant but does no damage.
The worker ant bites your rat.
Your rat dies!
Your rat's corpse disappears in a puff of smoke!
You hit the worker ant but do no damage.
Your bat hits the worker ant but does no damage.
The worker ant bites you!
* * * LOW HITPOINT WARNING * * *
Your bat hits the worker ant but does no damage.
You aren't carrying any potions.
Your bat closely misses the worker ant.
Your rat barely misses the worker ant.
The worker ant bites you.
You die...

#.†............##
.................
#.#.####....5####
#.#.. #.<......#
#...#. ##...#.#.#
###.#.. #...+...#
#+# #.#...#.5##
.######5#########
.......bB@......$
.######r#########
#..# ##.# .. #..
... .... #....


You could see a worker ant (ally target), a friendly crimson imp (summoned,
poisoned), a friendly bat (summoned) and a friendly rat (summoned).

Vanquished Creatures
  An adder (D:4)
  An ooze (D:1)
  3 dart slugs
  3 bats (D:1)
  3 giant cockroaches (D:1)
  2 goblins (D:1)
  3 hobgoblins
  A jackal (D:4)
  7 kobolds
  A ball python (D:1)
  2 frilled lizards (D:2)
  5 rats
32 creatures vanquished.

Vanquished Creatures (collateral kills)
  2 hounds (D:4)
  An adder (D:2)
  3 dart slugs (D:1)
  An orc (D:4)
  4 bats (D:1)
  2 giant cockroaches
  3 goblins (D:1)
  4 jackals
  2 kobolds
  A rat (D:2)
23 creatures vanquished.

Vanquished Creatures (others)
  A ball python (D:2)
  A hobgoblin (D:2)
  A frilled lizard (D:2)
3 creatures vanquished.

Grand Total: 58 creatures vanquished

Notes
Turn   | Place    | Note
-------+----------+-------------------------------------------
     0 | D:1      | MalarOregon the Halfling Summoner began the quest for the
                  | Orb.
     0 | D:1      | Reached XP level 1. HP: 11/11 MP: 3/3
   374 | D:1      | Reached XP level 2. HP: 12/17 MP: 4/4
   468 | D:1      | Learned a level 2 spell: Call Imp
   814 | D:1      | Reached XP level 3. HP: 22/22 MP: 5/5
  1515 | D:1      | Reached skill level 1 in Fighting
  2003 | D:2      | Reached XP level 4. HP: 28/28 MP: 4/6
  2286 | D:2      | Found a faded altar of an unknown god.
  2666 | D:2      | You fall into a shaft and drop 2 floors!
  3014 | D:4      | Reached skill level 1 in Short Blades
  3014 | D:4      | Reached XP level 5. HP: 22/33 MP: 2/8
  3034 | D:4      | HP: 1/33 [worker ant (7)]
  3035 | D:4      | Slain by a worker ant

Illustrated notes

Levels and vault maps discovered:
D:1:      dpeg_arrival_rhombus, layout_loops_ring, serial_park_tiny_1
D:2:      layout_basic, lemuel_round_altar, general_overflow_altar,
          chequers_ecumenical_altar_simple, lemuel_old_faithful
D:4:      layout_basic, marbit_many_paths, st_stairs_9,
          kennysheep_generic_room_8

Skill      XL: |  1  2  3  4 |
---------------+-------------+-----
Fighting       | 1 |  1.4
Spellcasting   | 2 |  2.1
Dodging        | 3 |  3.2
Stealth        | 3 |  3.2
Short Blades   | 1 |  1.0
Summonings     | |  3.6

Action                   |  1- 3 |  4- 6 || total
-------------------------+-------+-------++-------
Melee: Spear             |    52 |       ||    52
       Dagger            |   100 |    81 ||   181
 Cast: Summon Small Mamm |    26 |    14 ||    40
       Call Imp          |     5 |     6 ||    11
 Stab: Sleeping          |     5 |     2 ||     7
       Distracted        |       |     1 ||     1
Armor: Robe              |    44 |    13 ||    57
Dodge: Dodged            |   186 |    83 ||   269

Table legend: (Time is in decaauts)
 A = Elapsed time spent in this place.
 B = Non-inter-level travel time spent in this place.
 C = Inter-level travel time spent in this place.
 D = Time resting spent in this place.
 E = Time spent auto-exploring this place.
 F = Levels seen in this place.
 G = Mean time per level.
                   A        B        C        D        E       F      G
               +--------+--------+--------+--------+--------+-----+--------+
         Total |   3039 |   2951 |     88 |   1192 |   1245 |   3 | 1013.0 |
       Dungeon |   3039 |   2951 |     88 |   1192 |   1245 |   3 | 1013.0 |
               +--------+--------+--------+--------+--------+-----+--------+

Top non-repeatable levels by time:
     D:1: 1888 daAuts
     D:2: 783 daAuts
     D:4: 368 daAuts
